 Dungeon Crawl Stone Soup version 0.27.1-35-g4d5d836560 (webtiles) character file.

Game seed: 2423865194343009095

3 cbfl8 the Sneak (level 1, -1/18 HPs)
             Began as a Demonspawn Delver on Apr 5, 2022.
             Slain by an ufetubus (3 damage)
             ... on level 4 of the Dungeon.
             The game lasted 00:00:43 (280 turns).

cbfl8 the Sneak (Demonspawn Delver)                  Turns: 280, Time: 00:00:45

Health: -1/18      AC:  3    Str: 12    XL:     1   Next: 41%
Magic:  1/1        EV: 11    Int: 11    God:
Gold:   0          SH:  0    Dex: 14    Spells: 0/0 levels left

rFire    . . .     SeeInvis .   a - +0 hand axe
rCold    . . .     Faith    .   (no shield)
rNeg     . . .     Spirit   .   b - +0 leather armour
rPois    .         Reflect  .   (no helmet)
rElec    .         Harm     .   (no cloak)
rCorr    .         Rampage  .   (no gloves)
Will     .....                  (no boots)
Stlth    +++.......             (no amulet)
HPRegen  0.06/turn              (no ring)
MPRegen  0.07/turn              (no ring)

@: no status effects
A: no striking features
a: no special abilities


You were on level 4 of the Dungeon.
You visited 1 branch of the dungeon, and saw 2 of its levels.

Inventory:

Hand Weapons
 a - a +0 hand axe (weapon)
Armour
 b - a +0 leather armour (worn)
Wands
 g - a wand of digging (3)
Scrolls
 c - a scroll of fog
 d - a scroll of magic mapping
 h - a scroll of silence {unknown}
Potions
 f - a potion of haste


   Skills:
 + Level 3.0 Fighting
 + Level 2.0 Axes
 + Level 1.7 Dodging
 + Level 4.6 Stealth


You couldn't memorise any spells.
You didn't know any spells.
Your spell library was empty.

Dungeon Overview and Level Annotations

Branches:
Dungeon (5/15)
 Temple: D:4-7

Altars:
Nemelex Xobeh

Annotations:
D:4 Natasha


Message History

You hit the hobgoblin.
The hobgoblin is heavily wounded.
The hobgoblin closely misses you.
You hit the hobgoblin.
You kill the hobgoblin!
A hound comes into view.
A bullfrog comes into view.
The hound bites you.
You hit the hound.
The hound is lightly wounded.
The hound bites you.
An ufetubus comes into view.
The hound barely misses you.
You barely miss the hound.
The hound is lightly wounded.
The ufetubus shouts!
The bullfrog gives a loud, deep croak!
The hound bites you. x2
Okay, then.
As you read the scroll of fear, it crumbles to dust.
You assume a fearsome visage.
The bullfrog looks frightened!
The ufetubus is unaffected.
The hound looks frightened!
Natasha, Servant of Life and Death comes into view.
She is carrying a wand of flame (16).
The ufetubus hits you.
* * * LOW HITPOINT WARNING * * *
The ufetubus misses you.
You barely miss the ufetubus. The ufetubus hits you.
* * * LOW HITPOINT WARNING * * *
The ufetubus closely misses you. The ufetubus barely misses you.
The ufetubus hits you but does no damage.
You hit the ufetubus but do no damage. The ufetubus hits you.
* * * LOW HITPOINT WARNING * * *
The ufetubus closely misses you.
Natasha mumbles some strange words.
You hit the ufetubus.
The ufetubus is moderately wounded.
You barely miss the scorpion. The ufetubus barely misses you.
The ufetubus hits you but does no damage.
The scorpion closely misses you. The ufetubus completely misses you.
The ufetubus hits you.
You die...

# .##.
...########### ##
#.)......#... ..
#.........## .#
#.........##..#
#....@5.......#
#.....s5.h....#
#......#..##....#
####..<>...#..h...
##....s.# .....
............[...
####.....#.......
#.....##......
#.....# ..


You could see a scorpion, Natasha, a shadow imp (summoned) and an ufetubus.

Vanquished Creatures
  An orc (D:5)
  A hobgoblin (D:4)
2 creatures vanquished.

Notes
Turn   | Place    | Note
-------+----------+-------------------------------------------
     0 | D:5      | cbfl8 the Demonspawn Delver began the quest for the Orb.
     0 | D:5      | Reached XP level 1. HP: 18/18 MP: 1/1
   252 | D:4      | Noticed a scorpion
   252 | D:4      | Found a sparkling altar of Nemelex Xobeh.
   262 | D:4      | Noticed a hound
   268 | D:4      | Noticed a bullfrog
   272 | D:4      | Noticed Natasha
   280 | D:4      | Slain by an ufetubus

Illustrated notes

Levels and vault maps discovered:
D:4:      layout_rooms, lemuel_coloured_pillars_altar,
          nemelex_xobeh_ov_fountains_minmay, okawaru_trees_2,
          minmay_temple_entry_glass, uniq_natasha
D:5:      layout_layer_cave, wad_floor_pattern_2

Skill      XL: |  1 |
---------------+----+-----
Axes           | 2 |  2.0
Fighting       | |  3.0
Dodging        | |  1.7
Stealth        | |  4.6

Action                   || total
-------------------------++-------
Melee: Hand axe          ||    15
  Use: Scroll            ||     1
Armor: Leather armour    ||     3
Dodge: Dodged            ||    15
